[Event "23rd OIBM 2019"]
[Site "Gmund am Tegernsee"]
[Date "2019.10.27"]
[Round "2.18"]
[White "Engel, Luis"]
[Black "Moeldner, Juergen"]
[Result "1-0"]
[ECO "C06"]
[WhiteElo "2507"]
[BlackElo "2234"]
[Annotator "RC"]
[PlyCount "107"]
[EventDate "2019.10.17"]
[EventType "swiss"]
[EventCountry "GER"]
[SourceTitle "playchess.com"]
[Source "ChessBase"]
[SourceQuality "1"]
[TimeControl "40/5400+30:1800+30"]

1. e4 e6 2. d4 d5 3. Nd2 Nf6 4. e5 Nfd7 5. Bd3 c5 6. c3 Nc6 7. Ne2 cxd4 8. cxd4 f6 9. exf6 Nxf6 10. O-O Bd6 11. Nf3 Qc7 12. h3 O-O 13. Re1 Bd7 14. Be3 Rae8 15. Rc1 Qb8 16. Nc3 Re7 17. Nb5 Bb4 18. Bd2 a6 19. Bxb4 Nxb4 20. Nc3 Nxd3 21. Qxd3 Qd6 22. Ne5 Be8 23. Qe3 Rc7 24. Ne2 Rxc1 25. Rxc1 Bd7 26. Qc3 Bb5 27. Ng3 Nd7 28. Re1 Nxe5 29. Rxe5 Bd7 30. Qe3 Rf7 31. Nh5 Qf8 32. a3 Bc8 33. g3 Qd6 34. Nf4 Rf6 35. h4 Bd7 36. Kg2 Bc8 37. Qd2 Bd7 38. Re1 Rf8 39. Nd3 b6 40. Ne5 a5 41. Rc1 Rc8 42. h5 Rxc1 43. Qxc1 Be8 44. h6 Qd8 45. hxg7 Kxg7 46. Ng4 Bg6 47. Qf4 Qe7 48. Qe5+ Kf7 49. Qh8 Qg5 50. Ne5+ Ke7 51. Qg7+ Ke8 52. Qd7+ Kf8 53. Qxe6 Be4+ 54. f3 1-0

[Event "23rd OIBM 2019"]
[Site "Gmund am Tegernsee"]
[Date "2019.10.27"]
[Round "2.19"]
[White "Hedke, Fred"]
[Black "Vetoshko, Volodymyr"]
[Result "0-1"]
[ECO "B06"]
[WhiteElo "2225"]
[BlackElo "2506"]
[Annotator "ChessBase"]
[PlyCount "82"]
[EventDate "2019.10.17"]
[EventType "swiss"]
[EventCountry "GER"]
[SourceTitle "playchess.com"]
[Source "ChessBase"]
[SourceQuality "1"]
[TimeControl "40/5400+30:1800+30"]

1. e4 g6 2. d4 Bg7 3. Nf3 d6 4. Bd3 Nf6 5. O-O O-O 6. Re1 c6 7. h3 Nbd7 8. c3 e5 9. dxe5 dxe5 10. Bc2 Qc7 11. a4 Rd8 12. Qe2 Nc5 13. Na3 Nh5 14. Be3 Nf4 15. Bxf4 exf4 16. e5 b6 17. Qc4 Bh6 18. b4 Be6 19. Qe2 Nd7 20. Rad1 Re8 21. Nc4 Rad8 22. Nd6 Re7 23. Ne4 Bd5 24. Qd2 Kg7 25. Qd4 Nxe5 26. Nxe5 Qxe5 27. Qxe5+ Rxe5 28. c4 Rde8 29. cxd5 cxd5 30. f3 f5 31. Kf1 fxe4 32. fxe4 dxe4 33. Rd7+ Kf6 34. Rxa7 Bf8 35. Rb7 R8e6 36. Rb1 e3 37. Ke2 Rg5 38. g4 Rd5 39. Bb3 Rd2+ 40. Kf1 e2+ 41. Ke1 Bxb4 0-1

[Event "23rd OIBM 2019"]
[Site "Gmund am Tegernsee"]
[Date "2019.10.27"]
[Round "2.20"]
[White "Korneev, Oleg"]
[Black "Nagel, Bernhard"]
[Result "1-0"]
[ECO "A46"]
[WhiteElo "2504"]
[BlackElo "2224"]
[Annotator "RC"]
[PlyCount "115"]
[EventDate "2019.10.17"]
[EventType "swiss"]
[EventCountry "GER"]
[SourceTitle "playchess.com"]
[Source "ChessBase"]
[SourceQuality "1"]
[TimeControl "40/5400+30:1800+30"]

1. d4 Nf6 2. Nf3 e6 3. Bf4 d5 4. e3 Bd6 5. Bg3 O-O 6. Nbd2 c5 7. c3 b6 8. a4 Nc6 9. Bb5 Bb7 10. O-O Ne7 11. Bd3 Nf5 12. Bxf5 exf5 13. Bxd6 Qxd6 14. a5 c4 15. Qa4 Bc6 16. Qa3 Qxa3 17. Rxa3 b5 18. Ne1 Ne4 19. Nxe4 fxe4 20. a6 Rab8 21. Nc2 Rb6 22. Nb4 f5 23. f4 Rf6 24. Kf2 Rd6 25. Rg1 Bd7 26. h3 h5 27. Kg3 Kh7 28. Kh4 Kh6 29. Raa1 Bc8 30. Raf1 Bd7 31. Rh1 g6 32. Rfg1 Bc8 33. Kg3 Kg7 34. Kf2 Bd7 35. Ke2 Bc8 36. Kd2 Bd7 37. Kc2 Bc8 38. Ra1 Kf6 39. g3 Be6 40. Ra5 Bd7 41. Kd2 Kf7 42. Rb1 Kg7 43. b3 cxb3 44. Rxb3 Be6 45. Nc2 Rxa6 46. Rbxb5 Rxa5 47. Rxa5 Rd7 48. h4 Bf7 49. Nb4 Rb7 50. Kc2 Rc7 51. Nxd5 Rd7 52. c4 Rb7 53. Kc3 Bxd5 54. Rxd5 a6 55. c5 Rb1 56. Kc2 Rb4 57. Rd7+ Kf8 58. Ra7 1-0

[Event "23rd OIBM 2019"]
[Site "Gmund am Tegernsee"]
[Date "2019.10.27"]
[Round "2.21"]
[White "Heimrath, Reiner"]
[Black "Krzyzanowski, Marcin"]
[Result "0-1"]
[ECO "B06"]
[WhiteElo "2217"]
[BlackElo "2500"]
[Annotator "RC"]
[PlyCount "92"]
[EventDate "2019.10.17"]
[EventType "swiss"]
[EventCountry "GER"]
[SourceTitle "playchess.com"]
[Source "ChessBase"]
[SourceQuality "1"]
[TimeControl "40/5400+30:1800+30"]

1. e4 g6 2. Nc3 Bg7 3. g3 d6 4. Bg2 e5 5. Nge2 Nc6 6. d3 h5 7. h4 Bg4 8. f3 Be6 9. Bg5 Qd7 10. Qd2 Nge7 11. a3 a6 12. b4 f6 13. Be3 d5 14. exd5 Nxd5 15. Nxd5 Bxd5 16. O-O Ne7 17. Nc3 Bc6 18. Kh2 f5 19. Bg5 O-O 20. Rae1 Rae8 21. Re2 Kh7 22. Rfe1 Nc8 23. Nd1 Nd6 24. Nf2 Nb5 25. Be3 f4 26. gxf4 exf4 27. Bc5 Bc3 28. Re7+ Rxe7 29. Rxe7+ Qxe7 30. Bxe7 Bxd2 31. Bxf8 Nxa3 32. c4 Nc2 33. b5 axb5 34. cxb5 Bxb5 35. Be7 Be3 36. Ne4 Bxd3 37. Ng5+ Kg8 38. Bd8 c5 39. Bh3 Nd4 40. Bc8 b5 41. Be7 c4 42. Bb7 c3 43. Bd5+ Kg7 44. Bd6 c2 45. Be5+ Kf8 46. Bd6+ Ke8 0-1

[Event "23rd OIBM 2019"]
[Site "Gmund am Tegernsee"]
[Date "2019.10.27"]
[Round "2.22"]
[White "Del Rio De Angelis, Salvador G."]
[Black "Ehrke, Michael"]
[Result "1-0"]
[ECO "D32"]
[WhiteElo "2491"]
[BlackElo "2222"]
[Annotator "ChessBase"]
[PlyCount "77"]
[EventDate "2019.10.17"]
[EventType "swiss"]
[EventCountry "GER"]
[SourceTitle "playchess.com"]
[Source "ChessBase"]
[SourceQuality "1"]
[TimeControl "40/5400+30:1800+30"]

1. d4 d5 2. c4 e6 3. Nc3 c5 4. cxd5 exd5 5. Nf3 Nc6 6. dxc5 d4 7. Na4 Bxc5 8. Nxc5 Qa5+ 9. Qd2 Qxc5 10. e3 dxe3 11. Qxe3+ Qxe3+ 12. Bxe3 Nge7 13. Bc4 O-O 14. O-O Bg4 15. Ng5 Bf5 16. f3 h6 17. Ne4 Rfd8 18. Rad1 Ne5 19. Bb3 Bxe4 20. fxe4 Rxd1 21. Rxd1 N7c6 22. h3 a6 23. Bb6 Re8 24. a3 Re7 25. Bc5 Re8 26. Bd5 Rd8 27. Kf2 Rd7 28. Ke2 g6 29. b4 Kg7 30. Rc1 f6 31. a4 Ne7 32. Be6 Rc7 33. Rd1 b6 34. Bd6 Rc2+ 35. Rd2 Rxd2+ 36. Kxd2 N7c6 37. Kc3 Nd8 38. Bc8 a5 39. b5 1-0

[Event "23rd OIBM 2019"]
[Site "Gmund am Tegernsee"]
[Date "2019.10.27"]
[Round "2.23"]
[White "Zeier, Klaus"]
[Black "Yankelevich, Lev"]
[Result "0-1"]
[ECO "C73"]
[WhiteElo "2215"]
[BlackElo "2480"]
[Annotator "ChessBase"]
[PlyCount "86"]
[EventDate "2019.10.17"]
[EventType "swiss"]
[EventCountry "GER"]
[SourceTitle "playchess.com"]
[Source "ChessBase"]
[SourceQuality "1"]
[TimeControl "40/5400+30:1800+30"]

1. e4 e5 2. Nf3 Nc6 3. Bb5 a6 4. Ba4 d6 5. Bxc6+ bxc6 6. d4 exd4 7. Nxd4 c5 8. Ne2 g6 9. c4 Bg7 10. O-O Ne7 11. Nbc3 O-O 12. Bg5 h6 13. Be3 Rb8 14. Qd2 Kh7 15. Rad1 Be6 16. b3 f5 17. Nf4 Bf7 18. exf5 Nxf5 19. Ncd5 Re8 20. Qd3 c6 21. Nc3 Nxe3 22. fxe3 Qe7 23. Rf3 Qe5 24. Nce2 Rbd8 25. Nh5 Be6 26. Nxg7 Kxg7 27. Rdf1 Bf5 28. Qc3 d5 29. cxd5 Qxc3 30. Nxc3 cxd5 31. h3 h5 32. Ne2 h4 33. Rd1 d4 34. Rd2 Be4 35. Rf1 dxe3 36. Rxd8 Rxd8 37. Re1 Re8 38. Rd1 Rf8 39. Rd7+ Rf7 40. Rxf7+ Kxf7 41. Nc3 Bc6 42. Kf1 Ke6 43. Nd1 Bxg2+ 0-1

[Event "23rd OIBM 2019"]
[Site "Gmund am Tegernsee"]
[Date "2019.10.27"]
[Round "2.24"]
[White "Loiseau, Quentin"]
[Black "Gohla, Ulf"]
[Result "1-0"]
[ECO "C72"]
[WhiteElo "2471"]
[BlackElo "2217"]
[Annotator "ChessBase"]
[PlyCount "79"]
[EventDate "2019.10.17"]
[EventType "swiss"]
[EventCountry "GER"]
[SourceTitle "playchess.com"]
[Source "ChessBase"]
[SourceQuality "1"]
[TimeControl "40/5400+30:1800+30"]

1. e4 e5 2. Nf3 Nc6 3. Bb5 a6 4. Ba4 d6 5. O-O Be7 6. d4 b5 7. Bb3 Nxd4 8. Nxd4 exd4 9. Qh5 g6 10. Qf3 Be6 11. c3 c5 12. cxd4 c4 13. d5 Bd7 14. Bc2 Bg5 15. Nd2 Nh6 16. Qg3 O-O 17. Qxd6 Be7 18. Qf4 Bg5 19. Qg3 f5 20. Nf3 Bxc1 21. Raxc1 fxe4 22. Bxe4 Bf5 23. Qf4 Bxe4 24. Qxe4 Re8 25. Qf4 Nf5 26. Rfd1 Re2 27. d6 Qb6 28. Ne5 Rd8 29. Nxc4 Qc5 30. Qf3 Re6 31. Ne3 Qe5 32. Ng4 Qxb2 33. d7 Qb4 34. Qd5 Qd6 35. Qb3 Qe7 36. Rc8 Kf7 37. Rxd8 Qxd8 38. Qd5 Ne7 39. Nh6+ Kf6 40. Qd4+ 1-0

[Event "23rd OIBM 2019"]
[Site "Gmund am Tegernsee"]
[Date "2019.10.27"]
[Round "2.26"]
[White "Parvanyan, Ashot"]
[Black "Yi, Danny"]
[Result "1-0"]
[ECO "A05"]
[WhiteElo "2448"]
[BlackElo "2211"]
[Annotator "NA"]
[PlyCount "69"]
[EventDate "2019.10.17"]
[EventType "swiss"]
[EventCountry "GER"]
[SourceTitle "playchess.com"]
[Source "ChessBase"]
[SourceQuality "1"]
[TimeControl "40/5400+30:1800+30"]

1. Nf3 Nf6 2. c4 g6 3. Nc3 d5 4. cxd5 Nxd5 5. h4 h5 6. e4 Nxc3 7. bxc3 Bg7 8. Qb3 O-O 9. Ba3 b6 10. Ng5 c5 11. d4 Nc6 12. d5 Na5 13. Qc2 Qc7 14. Bd3 Qe5 15. Rc1 e6 16. O-O exd5 17. exd5 Qf4 18. g3 Qd6 19. Rce1 Bg4 20. c4 Bd4 21. Kh2 Qf6 22. Bc1 Rae8 23. Bf4 Nb7 24. Rxe8 Rxe8 25. Qa4 Ra8 26. Re1 Nd6 27. f3 b5 28. Qa6 Bf5 29. Bxf5 Nxf5 30. Qxb5 Bc3 31. Re8+ Rxe8 32. Qxe8+ Kg7 33. d6 Nh6 34. d7 Qd4 35. Be5+ 1-0

[Event "23rd OIBM 2019"]
[Site "Gmund am Tegernsee"]
[Date "2019.10.27"]
[Round "2.27"]
[White "Delitzsch, Juergen"]
[Black "Hoffmann, Michael"]
[Result "1/2-1/2"]
[ECO "D45"]
[WhiteElo "2197"]
[BlackElo "2445"]
[Annotator "NA"]
[PlyCount "37"]
[EventDate "2019.10.17"]
[EventType "swiss"]
[EventCountry "GER"]
[SourceTitle "playchess.com"]
[Source "ChessBase"]
[SourceQuality "1"]
[TimeControl "40/5400+30:1800+30"]

1. Nf3 Nf6 2. c4 e6 3. Nc3 d5 4. d4 c6 5. e3 Nbd7 6. Qc2 b6 7. Be2 Bb7 8. O-O Be7 9. Rd1 O-O 10. b3 Qc7 11. Bb2 Rad8 12. Rac1 Qb8 13. cxd5 cxd5 14. Qb1 a6 15. Bd3 h6 16. Na4 Bd6 17. h3 Rc8 18. Qa1 Rxc1 19. Rxc1 1/2-1/2

[Event "23rd OIBM 2019"]
[Site "Gmund am Tegernsee"]
[Date "2019.10.27"]
[Round "2.28"]
[White "Womacka, Mathias"]
[Black "Goldbeck, Lars"]
[Result "1-0"]
[ECO "B15"]
[WhiteElo "2436"]
[BlackElo "2203"]
[Annotator "RC"]
[PlyCount "131"]
[EventDate "2019.10.17"]
[EventType "swiss"]
[EventCountry "GER"]
[SourceTitle "playchess.com"]
[Source "ChessBase"]
[SourceQuality "1"]
[TimeControl "40/5400+30:1800+30"]

1. e4 c6 2. d4 d5 3. Nd2 dxe4 4. Nxe4 Nf6 5. Nxf6+ exf6 6. Bc4 Qe7+ 7. Qe2 Bg4 8. f3 Be6 9. Bxe6 Qxe6 10. Nh3 Na6 11. Nf4 Qxe2+ 12. Kxe2 O-O-O 13. c3 Bd6 14. Nh5 c5 15. Be3 cxd4 16. Bxd4 Bc5 17. Rad1 Bxd4 18. Rxd4 Rxd4 19. cxd4 Rd8 20. g4 f5 21. gxf5 Rxd4 22. Nxg7 Rh4 23. Kf2 Nb4 24. Kg3 Rd4 25. a3 Nd5 26. Re1 Kd7 27. Nh5 Ne7 28. Nf6+ Kd6 29. Ne4+ Kc6 30. f6 Nd5 31. Rc1+ Kd7 32. Nc5+ Kd6 33. Nxb7+ Ke5 34. Na5 Kxf6 35. Rc6+ Kf5 36. Rd6 Nf4 37. Rxd4 Ne2+ 38. Kf2 Nxd4 39. Ke3 Ke5 40. Nc4+ Kd5 41. Nd2 Ne6 42. b3 f5 43. b4 Nd4 44. Kf4 h6 45. a4 Ke6 46. a5 Nc6 47. Nb3 Nxb4 48. Nd4+ Kf6 49. Nxf5 Nc6 50. Nxh6 Nxa5 51. Ng4+ Kg6 52. Ne5+ Kf6 53. Nd7+ Kg6 54. Ke4 Nb7 55. f4 Nd6+ 56. Ke5 Nf7+ 57. Ke6 Nd8+ 58. Ke7 Nc6+ 59. Kd6 Nd4 60. Kd5 Nf3 61. Ne5+ Nxe5 62. Kxe5 Kf7 63. h4 a5 64. Kd5 Kg6 65. Kc5 Kh5 66. f5 1-0

[Event "23rd OIBM 2019"]
[Site "Gmund am Tegernsee"]
[Date "2019.10.27"]
[Round "2.30"]
[White "Smith, Bryan"]
[Black "Grigorieva, Yulia"]
[Result "1-0"]
[ECO "C37"]
[WhiteElo "2430"]
[BlackElo "2184"]
[Annotator "NA"]
[PlyCount "57"]
[EventDate "2019.10.17"]
[EventType "swiss"]
[EventCountry "GER"]
[SourceTitle "playchess.com"]
[Source "ChessBase"]
[SourceQuality "1"]
[TimeControl "40/5400+30:1800+30"]

1. e4 e5 2. f4 exf4 3. Nf3 g5 4. Nc3 d6 5. d4 Bg7 6. g3 g4 7. Nh4 f3 8. Be3 Bf6 9. Qd2 Nc6 10. Nd5 Bxh4 11. gxh4 Be6 12. O-O-O Nce7 13. Nf4 d5 14. exd5 Bxd5 15. c4 Be4 16. d5 Nf6 17. Bd4 Nf5 18. Re1 O-O 19. Bxf6 Qxf6 20. Rxe4 Qxh4 21. Rg1 Nd6 22. Re3 Kh8 23. Rxf3 Rae8 24. Rfg3 Ne4 25. Qd4+ f6 26. Rxg4 Qe1+ 27. Kc2 c5 28. Qd3 b5 29. Ng6+ 1-0

[Event "23rd OIBM 2019"]
[Site "Gmund am Tegernsee"]
[Date "2019.10.27"]
[Round "2.32"]
[White "Meins, Gerlef"]
[Black "Tonndorf, Matthias"]
[Result "1-0"]
[ECO "A46"]
[WhiteElo "2415"]
[BlackElo "2171"]
[Annotator "NA"]
[PlyCount "79"]
[EventDate "2019.10.17"]
[EventType "swiss"]
[EventCountry "GER"]
[SourceTitle "playchess.com"]
[Source "ChessBase"]
[SourceQuality "1"]
[TimeControl "40/5400+30:1800+30"]

1. d4 Nf6 2. Nf3 e6 3. g3 Bb4+ 4. c3 Ba5 5. Nbd2 c6 6. e4 d5 7. Bd3 Bc7 8. O-O O-O 9. Re1 b6 10. e5 Nfd7 11. h4 g6 12. Ng5 c5 13. Ndf3 Nc6 14. h5 Qe8 15. Qd2 f5 16. hxg6 Qxg6 17. Kg2 Re8 18. Rh1 Nf8 19. Nh3 Bd8 20. Nf4 Qg4 21. Bb5 Bd7 22. Bxc6 Bxc6 23. Nh5 Qg6 24. Qh6 Nd7 25. Bg5 Qxh6 26. Bxh6 b5 27. Bg5 Bb6 28. Rh4 a5 29. Rah1 Ra7 30. Nf6+ Nxf6 31. exf6 Rf8 32. Ne5 Be8 33. Rh6 cxd4 34. f7+ Raxf7 35. Nxf7 Bxf7 36. Rxh7 Bg6 37. Rb7 Bc5 38. Bf4 Rf7 39. Rxb5 Bf8 40. cxd4 1-0

[Event "23rd OIBM 2019"]
[Site "Gmund am Tegernsee"]
[Date "2019.10.27"]
[Round "2.35"]
[White "Kraich, Klaus"]
[Black "Gschnitzer, Adrian"]
[Result "0-1"]
[ECO "D05"]
[WhiteElo "2183"]
[BlackElo "2412"]
[Annotator "NA"]
[PlyCount "58"]
[EventDate "2019.10.17"]
[EventType "swiss"]
[EventCountry "GER"]
[SourceTitle "playchess.com"]
[Source "ChessBase"]
[SourceQuality "1"]
[TimeControl "40/5400+30:1800+30"]

1. d4 Nf6 2. Nf3 c5 3. e3 d5 4. b3 e6 5. Bd3 Nc6 6. O-O Bd6 7. Bb2 b6 8. Nbd2 O-O 9. c4 Bb7 10. Rc1 cxd4 11. exd4 Rc8 12. Qe2 Ne7 13. Ne5 dxc4 14. Ndxc4 Bb8 15. Ne3 Ned5 16. Rxc8 Qxc8 17. Rc1 Nf4 18. Qf1 Qd8 19. Ba6 Bxa6 20. Qxa6 Ne4 21. Nf3 Bd6 22. Rc2 Qe7 23. Kf1 h5 24. Qb5 Qb7 25. Nc4 Rc8 26. Ne1 Rc6 27. Nxd6 Rxc2 28. Qe8+ Kh7 29. Nxc2 Nxd6 0-1

[Event "23rd OIBM 2019"]
[Site "Gmund am Tegernsee"]
[Date "2019.10.27"]
[Round "2.36"]
[White "Klimkowski, Jan"]
[Black "Miller, Eduard"]
[Result "1/2-1/2"]
[ECO "B34"]
[WhiteElo "2174"]
[BlackElo "2402"]
[Annotator "NA"]
[PlyCount "98"]
[EventDate "2019.10.17"]
[EventType "swiss"]
[EventCountry "GER"]
[SourceTitle "playchess.com"]
[Source "ChessBase"]
[SourceQuality "1"]
[TimeControl "40/5400+30:1800+30"]

1. e4 c5 2. Nf3 Nc6 3. d4 cxd4 4. Nxd4 g6 5. Nc3 Bg7 6. Be3 Nf6 7. Nxc6 bxc6 8. e5 Nd5 9. Nxd5 cxd5 10. Qxd5 Rb8 11. Bc4 O-O 12. O-O Bb7 13. Qd3 Bxe5 14. Bxa7 Rc8 15. Bd4 Bxd4 16. Qxd4 Qc7 17. Bb3 e5 18. Qd2 Qc6 19. f4 e4 20. Qe3 d5 21. Rad1 Ba6 22. Rf2 Bc4 23. f5 Rfe8 24. Bxc4 Qxc4 25. f6 Qc5 26. Qh6 Qf8 27. Qxf8+ Kxf8 28. Rxd5 Rc6 29. g3 e3 30. Re2 Rxf6 31. Rd3 Rfe6 32. Kg2 g5 33. c4 Re4 34. Rc3 Rd4 35. b3 g4 36. a3 Rd2 37. Kf1 Rd1+ 38. Re1 Rd2 39. Rcxe3 Ra8 40. b4 Rxh2 41. c5 Ra6 42. R3e2 Rh3 43. b5 Rxa3 44. c6 Rf3+ 45. Rf2 Rc3 46. Rg2 Rc5 47. Rb1 Rh1+ 48. Rg1 Rh2 49. Rg2 Rh1+ 1/2-1/2

[Event "23rd OIBM 2019"]
[Site "Gmund am Tegernsee"]
[Date "2019.10.27"]
[Round "2.37"]
[White "Huber, Benedikt"]
[Black "Soham Das"]
[Result "1-0"]
[ECO "A80"]
[WhiteElo "2167"]
[BlackElo "2376"]
[Annotator "NA"]
[PlyCount "59"]
[EventDate "2019.10.17"]
[EventType "swiss"]
[EventCountry "GER"]
[SourceTitle "playchess.com"]
[Source "ChessBase"]
[SourceQuality "1"]
[TimeControl "40/5400+30:1800+30"]

1. d4 f5 2. Bg5 g6 3. Nc3 Bg7 4. e3 d6 5. Bc4 c6 6. Nge2 d5 7. Bb3 Qa5 8. Qd2 Nd7 9. f3 h6 10. Bh4 Ngf6 11. Bxf6 Nxf6 12. Nf4 g5 13. Nd3 Nd7 14. O-O-O e5 15. h4 Qd8 16. dxe5 Nxe5 17. Nxe5 Bxe5 18. f4 Bg7 19. hxg5 hxg5 20. Rxh8+ Bxh8 21. fxg5 Be6 22. e4 Bxc3 23. bxc3 fxe4 24. Rh1 Bg8 25. Rh8 Kd7 26. c4 Kc7 27. cxd5 cxd5 28. Bxd5 Qd6 29. Qc3+ Kb6 30. Rh6 1-0

[Event "23rd OIBM 2019"]
[Site "Gmund am Tegernsee"]
[Date "2019.10.27"]
[Round "2.39"]
[White "Danielmeier, Ralf"]
[Black "Zude, Arno"]
[Result "0-1"]
[ECO "C24"]
[WhiteElo "2054"]
[BlackElo "2372"]
[Annotator "NA"]
[PlyCount "64"]
[EventDate "2019.10.17"]
[EventType "swiss"]
[EventCountry "GER"]
[SourceTitle "playchess.com"]
[Source "ChessBase"]
[SourceQuality "1"]
[TimeControl "40/5400+30:1800+30"]

1. e4 e5 2. Bc4 Nf6 3. d3 c6 4. Nf3 Be7 5. O-O d6 6. h3 O-O 7. Nc3 Nbd7 8. a4 h6 9. Be3 Re8 10. Nh2 Bf8 11. a5 Nc5 12. Qf3 Be6 13. Ng4 Nxg4 14. Bxe6 Rxe6 15. Bxc5 Nf6 16. Be3 d5 17. Bd2 a6 18. g4 Bb4 19. exd5 cxd5 20. Nb1 e4 21. Qd1 Bd6 22. Nc3 Bc7 23. Ne2 Nxg4 24. hxg4 Qh4 25. Bf4 exd3 26. Qxd3 Qxg4+ 27. Bg3 Rxe2 28. Ra4 Re4 29. Rxe4 dxe4 30. Qd1 Qg5 31. Kg2 Rd8 32. Qe1 Rd2 0-1

[Event "23rd OIBM 2019"]
[Site "Gmund am Tegernsee"]
[Date "2019.10.27"]
[Round "2.40"]
[White "Moehn, Hans"]
[Black "Poelt, Christoph"]
[Result "1-0"]
[ECO "A05"]
[WhiteElo "2370"]
[BlackElo "2094"]
[Annotator "NA"]
[PlyCount "71"]
[EventDate "2019.10.17"]
[EventType "swiss"]
[EventCountry "GER"]
[SourceTitle "playchess.com"]
[Source "ChessBase"]
[SourceQuality "1"]
[TimeControl "40/5400+30:1800+30"]

1. Nf3 Nf6 2. c4 g6 3. d4 Bg7 4. e3 d5 5. cxd5 Nxd5 6. e4 Nb6 7. Be2 Bg4 8. Nbd2 O-O 9. h3 Be6 10. Nb3 Bc4 11. Na5 Bxe2 12. Qxe2 Qc8 13. Bd2 Na6 14. Rc1 c6 15. d5 c5 16. b4 Nd7 17. O-O b6 18. Nc6 Re8 19. b5 Nab8 20. e5 Nf8 21. Bg5 Nxc6 22. dxc6 Ne6 23. Rfd1 a6 24. a4 axb5 25. axb5 Ra5 26. Rd7 Nc7 27. Rb1 e6 28. Qc4 Nd5 29. Rd1 h6 30. R1xd5 exd5 31. Qxd5 Rf8 32. Be7 Re8 33. e6 fxe6 34. Qxe6+ Kh8 35. Qxg6 Rg8 36. Bf6 1-0

[Event "23rd OIBM 2019"]
[Site "Gmund am Tegernsee"]
[Date "2019.10.27"]
[Round "2.41"]
[White "Fehmer, Carsten"]
[Black "Ries, Berthold"]
[Result "1/2-1/2"]
[ECO "A04"]
[WhiteElo "2092"]
[BlackElo "1854"]
[Annotator "NA"]
[PlyCount "80"]
[EventDate "2019.10.17"]
[EventType "swiss"]
[EventCountry "GER"]
[SourceTitle "playchess.com"]
[Source "ChessBase"]
[SourceQuality "1"]
[TimeControl "40/5400+30:1800+30"]

1. Nf3 c5 2. c4 Nc6 3. g3 e5 4. Nc3 Nf6 5. Bg2 Be7 6. O-O O-O 7. Ne1 d6 8. Nc2 Be6 9. Ne3 Qd7 10. d3 Bh3 11. Ned5 Bxg2 12. Nxf6+ Bxf6 13. Kxg2 g6 14. e4 Bg7 15. Nd5 Ne7 16. Nxe7+ Qxe7 17. f3 Qd7 18. a4 b6 19. Bd2 a6 20. Qc2 f5 21. Rfb1 f4 22. g4 a5 23. Qd1 Bf6 24. Qb3 Rab8 25. Qb5 Qxb5 26. axb5 Ra8 27. Be1 h6 28. Bf2 Kg7 29. Rg1 Rh8 30. h4 g5 31. hxg5 hxg5 32. Rh1 Rxh1 33. Kxh1 Be7 34. Kg2 Bd8 35. Be1 Rc8 36. Bf2 Bc7 37. Rh1 Rh8 38. Ra1 Re8 39. Be1 Rc8 40. Bf2 Re8 1/2-1/2

[Event "23rd OIBM 2019"]
[Site "Gmund am Tegernsee"]
[Date "2019.10.27"]
[Round "2.43"]
[White "Lipinsky, Markus"]
[Black "Baum, Jonasz"]
[Result "0-1"]
[ECO "D31"]
[WhiteElo "2005"]
[BlackElo "2341"]
[Annotator "NA"]
[PlyCount "50"]
[EventDate "2019.10.17"]
[EventType "swiss"]
[EventCountry "GER"]
[SourceTitle "playchess.com"]
[Source "ChessBase"]
[SourceQuality "1"]
[TimeControl "40/5400+30:1800+30"]

1. d4 d5 2. c4 e6 3. Nc3 a6 4. cxd5 exd5 5. Bf4 Nf6 6. e3 Bd6 7. Bxd6 Qxd6 8. Bd3 O-O 9. Nge2 Re8 10. Qc2 Nbd7 11. h3 b5 12. a3 Bb7 13. Ng3 c5 14. Nf5 Qc6 15. O-O c4 16. Be2 g6 17. Nh6+ Kg7 18. Ng4 a5 19. b4 axb4 20. axb4 Ne4 21. Rfd1 Nxc3 22. Qxc3 h5 23. Rxa8 Rxa8 24. Ne5 Nxe5 25. dxe5 d4 0-1

[Event "23rd OIBM 2019"]
[Site "Gmund am Tegernsee"]
[Date "2019.10.27"]
[Round "2.44"]
[White "Mooser, Nicolas"]
[Black "Braeuer, Franz"]
[Result "1/2-1/2"]
[ECO "E01"]
[WhiteElo "1999"]
[BlackElo "2429"]
[Annotator "NA"]
[PlyCount "55"]
[EventDate "2019.10.17"]
[EventType "swiss"]
[EventCountry "GER"]
[SourceTitle "playchess.com"]
[Source "ChessBase"]
[SourceQuality "1"]
[TimeControl "40/5400+30:1800+30"]

1. d4 Nf6 2. c4 e6 3. g3 d5 4. Bg2 Bb4+ 5. Bd2 Be7 6. Nf3 c6 7. O-O b6 8. Qc2 Nbd7 9. Rd1 O-O 10. b3 a5 11. Bf4 Ba6 12. Nc3 Rc8 13. Qb2 dxc4 14. bxc4 Bxc4 15. Ne5 Nxe5 16. dxe5 Nd7 17. Rd4 Bd5 18. Rad1 Bc5 19. R4d2 g5 20. Be3 Bxe3 21. fxe3 Qc7 22. e4 Nxe5 23. exd5 cxd5 24. Nb5 Qc5+ 25. Kh1 Nc4 26. Qf6 Nxd2 27. Qxg5+ Kh8 28. Qf6+ 1/2-1/2

[Event "23rd OIBM 2019"]
[Site "Gmund am Tegernsee"]
[Date "2019.10.28"]
[Round "3.6"]
[White "Gschnitzer, Adrian"]
[Black "Idani, Pouya"]
[Result "0-1"]
[ECO "A10"]
[WhiteElo "2412"]
[BlackElo "2568"]
[Annotator "RC"]
[PlyCount "36"]
[EventDate "2019.10.17"]
[EventType "swiss"]
[EventCountry "GER"]
[SourceTitle "playchess.com"]
[Source "ChessBase"]
[SourceQuality "1"]
[TimeControl "40/5400+30:1800+30"]

1. c4 g6 2. e4 e5 3. Nf3 Bg7 4. d4 exd4 5. Nxd4 Nc6 6. Nxc6 dxc6 7. Qxd8+ Kxd8 8. Nc3 Be6 9. Bg5+ Kc8 10. O-O-O Nf6 11. f3 Nd7 12. Kc2 a6 13. Nd5 f6 14. Nf4 Bf7 15. Bh4 g5 16. g3 Ne5 17. Bh3+ Kb8 18. Be6 Rf8 0-1

[Event "23rd OIBM 2019"]
[Site "Gmund am Tegernsee"]
[Date "2019.10.28"]
[Round "3.21"]
[White "Chanda, Sandipan"]
[Black "Lederle, Vitus"]
[Result "1-0"]
[ECO "D02"]
[WhiteElo "2529"]
[BlackElo "2223"]
[Annotator "RC"]
[PlyCount "83"]
[EventDate "2019.10.17"]
[EventType "swiss"]
[EventCountry "GER"]
[SourceTitle "playchess.com"]
[Source "ChessBase"]
[SourceQuality "1"]
[TimeControl "40/5400+30:1800+30"]

1. d4 d5 2. Nf3 Nf6 3. Bf4 c5 4. e3 Nc6 5. Nbd2 Bg4 6. c3 e6 7. Qb3 Qb6 8. Qxb6 axb6 9. Bb5 Nd7 10. h3 Bh5 11. g4 Bg6 12. Kf1 Be7 13. Kg2 O-O 14. h4 h5 15. g5 Rfc8 16. Rhe1 cxd4 17. exd4 Nf8 18. a3 Ra5 19. Bf1 Raa8 20. c4 Bf5 21. Rac1 Ng6 22. Bg3 Bf8 23. cxd5 exd5 24. Rc3 Na7 25. Rb3 Rc6 26. Ne5 Nxe5 27. dxe5 Bc2 28. Rf3 Rd8 29. Kh2 b5 30. Bh3 Bg6 31. e6 fxe6 32. Bxe6+ Kh7 33. Nb3 Bd6 34. Bf5 Bxg3+ 35. Kxg3 Bxf5 36. Rxf5 Rd7 37. Nd4 Rcd6 38. Ne6 Kg6 39. Rf3 Rf7 40. Nf8+ Rxf8 41. Rxf8 Nc6 42. f4 1-0